 Dungeon Crawl Stone Soup version 0.30-a0-782-ge64f9170bb (webtiles) character file.

Game seed: 16186220228121108402

1856142 Ge0ff the Eternal Night (level 27, 268/268 HPs)
             Began as a Naga Enchanter on Mar 2, 2023.
             Was the Champion of Dithmenos.
             Escaped with the Orb
             ... and 4 runes!
             The game lasted 03:50:56 (110767 turns).

Ge0ff the Eternal Night (Naga Enchanter)          Turns: 110767, Time: 03:50:57

Health: 268/268    AC: 40    Str: 16    XL:     27
Magic:  46/46      EV:  8    Int: 32    God:    Dithmenos [******]
Gold:   826        SH: 22    Dex:  7    Spells: 2/64 levels left

rFire   + . .      SeeInvis +    a - staff of cold
rCold   + + .      Faith    .    M - +5 kite shield {reflect}
rNeg    + + .      Spirit   .    k - +0 troll leather armour "Liecsaif" {rPois rF++ rN+ Regen+ Dex-5}
rPois   +          Reflect  +    G - +2 helmet {Int+3}
rElec   +          Harm     .    i - +4 dragonskin cloak
rCorr   .          Rampage  .    Z - +2 pair of gloves
Will    ++++.      Archmagi +    X - +10 Black Knight's barding {ponderous, rPois rN+}
Stlth   +++                      P - amulet of Patience {Reflect rElec SH+5}
HPRegen 1.44/turn                L - ring of Compulsion {Ice Will+ Str+5, =R}
MPRegen 0.30/turn                S - ring of the Mage {Wiz Archmagi}

@: wreathed by umbra, studying 3 skills, very slow
A: AC +9, large, see invisible, deformed body, poison resistance, slowness 2,
spit poison 1, naga tail 2, claws 1, robust 1
0: Orb of Zot
}: 4/15 runes: serpentine, barnacled, slimy, silver
a: Spit Poison, Renounce Religion, Shadow Step, Shadow Form


You escaped.
You worshipped Dithmenos.
Dithmenos was exalted by your worship.
You visited 13 branches of the dungeon, and saw 57 of its levels.
You also visited: Trove and Ice Cave.

You collected 10151 gold pieces.
You spent 9325 gold pieces at shops.

Inventory:

Hand Weapons
 b - the +8 dagger of Moral Flaws {flame, rF+ rC+ Stlth+}
   (You took it off a deep elf high priest on level 3 of the Elven Halls)

   rF:        It protects you from fire.
   rC:        It protects you from cold.
   Stlth:     It makes you more stealthy.
 h - the +9 trident "Orb Guardian's Curse" {venom, +Blink rElec rF+++ Will-}
   (You found it on level 13 of the Dungeon)

   rF:        It renders you almost immune to fire.
   rElec:     It insulates you from electricity.
   +Blink:    It lets you blink.
   Will:      It decreases your willpower.
Missiles
 g - 6 throwing nets {=F}
 v - 20 curare-tipped darts {=F}
Armour
 i - the +4 dragonskin cloak (worn)
   (You took it off Tiamat on level 2 of the Realm of Zot)

   Avatar's Aegis: It grants the wearer a chance to resist fire, cold, poison,
   electricity, acid, and negative energy.
 k - the +0 troll leather armour "Liecsaif" (worn) {rPois rF++ rN+ Regen+ Dex-5}
   (You took it off a deep elf high priest on level 1 of the Elven Halls)

   Dex:       It affects your dexterity (-5).
   rF:        It greatly protects you from fire.
   rPois:     It protects you from poison.
   rN:        It protects you from negative energy.
   Regen:     It increases your rate of health regeneration.
 G - a +2 helmet of intelligence (worn)
 M - a +5 kite shield of reflection (worn)
 Q - a +2 cloak of stealth
 X - the +10 Black Knight's barding (worn) {ponderous, rPois rN+}
   (You found it on level 3 of the Elven Halls)

   rPois:     It protects you from poison.
   rN:        It protects you from negative energy.
 Z - a +2 pair of gloves (worn)
Magical Staves
 a - a staff of cold (weapon)
Jewellery
 e - an amulet of regeneration
 w - the amulet of Venar {RegenMP rC++}
   (You found it on level 5 of the Pits of Slime)

   [amulet of magic regeneration]

   It increases your rate of magic regeneration.
   rC:        It greatly protects you from cold.
 D - the ring "Qumnieso" {+Blink Fly rC++ rCorr Int+3}
   (You bought it in a shop on level 1 of the Elven Halls)

   [ring of resist corrosion]

   Int:       It affects your intelligence (+3).
   rC:        It greatly protects you from cold.
   Fly:       It grants you flight.
   +Blink:    It lets you blink.
   rCorr:     It protects you from acid and corrosion.
 L - the ring of Compulsion (left hand) {Ice Will+ Str+5, =R}
   (You bought it in a shop on level 1 of the Orcish Mines)

   [ring of ice]

   It enhances your ice magic.
   Str:       It affects your strength (+5).
   rF:        It makes you vulnerable to fire.
   rC:        It protects you from cold.
   Will:      It increases your willpower.
 P - the amulet of Patience (around neck) {Reflect rElec SH+5}
   (You bought it in a shop on level 3 of the Elven Halls)

   [amulet of reflection]

   It reflects blocked missile attacks.
   rElec:     It insulates you from electricity.
   SH:        It affects your SH (+5).
 S - the ring of the Mage (right hand) {Wiz Archmagi}
   (You found it on level 2 of the Vaults)

   [ring of wizardry]

   It improves your spell success rate.
   Archmagi:  It increases the power of your magical spells.
 Y - the amulet "Wanamah" {Faith rElec rPois Int+4 Dex-5}
   (You took it off a draconian monk on level 4 of the Depths)

   [amulet of faith]

   It allows you to gain divine favour quickly.
   Int:       It affects your intelligence (+4).
   Dex:       It affects your dexterity (-5).
   rElec:     It insulates you from electricity.
   rPois:     It protects you from poison.
Wands
 d - a wand of digging (1)
 f - a wand of flame (54)
 j - a wand of quicksilver (5)
 p - a wand of paralysis (17)
 r - a wand of roots (20)
 s - a wand of mindburst (23)
Scrolls
 m - 5 scrolls of magic mapping
 x - 11 scrolls of fog
 y - 5 scrolls of immolation
 B - 3 scrolls of blinking
 C - 7 scrolls of poison
 E - 2 scrolls of fear
 F - 2 scrolls of butterflies
 J - 4 scrolls of silence {!r}
 T - 8 scrolls of teleportation
 V - 11 scrolls of vulnerability
Potions
 o - 13 potions of ambrosia
 q - 22 potions of curing
 u - 6 potions of mutation {!q}
 z - 11 potions of brilliance
 A - 7 potions of attraction
 H - 8 potions of haste {!q}
 I - 5 potions of invisibility
 K - 3 potions of magic {!q}
 N - 5 potions of cancellation {!q}
 R - 4 potions of resistance
 W - 22 potions of heal wounds {!q}
Miscellaneous
 c - a condenser vane
 l - a lightning rod (4/4)
 n - a phial of floods
 t - a tin of tremorstones (2/2)
 O - a box of beasts
 U - a phantom mirror


   Skills:
 * Level 14.3 Fighting
 - Level 12.0 Short Blades
 - Level 6.0 Throwing
 - Level 10.0 Armour
 - Level 10.0 Dodging
 - Level 12.0 Stealth
 - Level 17.0 Shields
 + Level 19.2 Spellcasting
 - Level 10.0 Conjurations
 - Level 10.0 Hexes
 - Level 7.0 Necromancy
 - Level 7.0 Translocations
 - Level 10.0 Transmutations
 - Level 23.0 Ice Magic
 - Level 7.5 Air Magic
 - Level 10.0 Earth Magic
 - Level 7.0 Poison Magic
 - Level 24.0 Invocations
 + Level 9.6 Evocations


You had 2 spell levels left.
You knew the following spells:

 Your Spells              Type           Power      Damage    Failure   Level
a - Sublimation of Blood  Necr           85%        N/A       1%          2
d - Iskenderun's Mystic   Conj/Tloc      91%        2d18      1%          4
e - Irradiate             Conj/Tmut      48%        3d27      1%          5
g - Apportation           Tloc           100%       N/A       1%          1
h - Lee's Rapid Deconstr  Erth           48%        3d23*     1%          5
j - Ensorcelled Hibernat  Hex/Ice        100%       N/A       0%          2
n - Dispel Undead         Necr           85%        3d27      1%          4
s - Polar Vortex          Ice            92%        N/A       6%          9
w - Passwall              Tmut/Erth      80%        N/A       1%          2
y - Yara's Violent Unrav  Hex/Tmut       48%        3d19      1%          5
B - Blink                 Tloc           100%       N/A       1%          2
C - Freezing Cloud        Conj/Ice/Air   78%        6-21      1%          5
D - Dispersal             Tloc           42%        N/A       7%          6
E - Ozocubu's Refrigerat  Ice            92%        4d28      1%          7
T - Confusing Touch       Hex            97%        N/A       1%          3

Your spell library contained the following spells:

 Spells                   Type           Power      Damage    Failure   Level
 Foxfire                  Conj/Fire      100%       2x1d9     1%          1
 Kiss of Death            Conj/Necr      100%       2d13      1%          1
 Magic Dart               Conj           100%       1d8       1%          1
 Necrotise                Necr           100%       1d9       1%          1
 Shock                    Conj/Air       100%       1d9       1%          1
 Sting                    Tmut/Pois      100%       1d8       1%          1
 Call Imp                 Summ           46%        N/A       1%          2
 Cigotuvi's Dreadful Rot  Necr/Pois/Air  100%       N/A       1%          2
 Lesser Beckoning         Tloc           100%       N/A       1%          2
 Momentum Strike          Conj/Tloc      100%       3d10      1%          2
 Poisonous Vapours        Pois/Air       100%       N/A       1%          2
 Searing Ray              Conj           100%       2d8       1%          2
 Wereblood                Tmut           97%        N/A       1%          2
 Hailstorm                Conj/Ice       100%       3d20      0%          3
 Ozocubu's Armour         Ice            100%       N/A       0%          3
 Ice Form                 Ice/Tmut       100%       N/A       0%          4
 Dazzling Flash           Conj/Hex       100%       N/A       1%          3
 Inner Flame              Hex/Fire       76%        N/A       1%          3
 Kindle Blastsparks       Fire/Tloc/Air  100%       2d18      1%          3
 Mephitic Cloud           Conj/Pois/Air  90%        N/A       1%          3
 Portal Projectile        Hex/Tloc       100%       N/A       1%          3
 Spider Form              Tmut/Pois      91%        N/A       1%          3
 Summon Guardian Golem    Hex/Summ       76%        N/A       1%          3
 Swiftness                Air            87%        N/A       1%          3
 Tukima's Dance           Hex            97%        N/A       1%          3
 Vampiric Draining        Necr           85%        2d12      1%          3
 Airstrike                Air            43%        2d(7-23)  1%          4
 Anguish                  Hex/Necr       45%        N/A       1%          4
 Animate Dead             Necr           85%        N/A       1%          4
 Cause Fear               Hex            48%        N/A       1%          4
 Flame Wave               Conj/Fire      76%        2d17      1%          4
 Fulminant Prism          Conj/Hex       48%        3d21      1%          4
 Leda's Liquefaction      Hex/Erth       48%        N/A       1%          4
 Manifold Assault         Tloc           85%        N/A       1%          4
 Olgreb's Toxic Radiance  Pois           85%        N/A       1%          4
 Petrify                  Tmut/Erth      97%        N/A       1%          4
 Sticky Flame             Conj/Fire      76%        2d9       1%          4
 Summon Lightning Spire   Summ/Air       70%        N/A       1%          4
 Agony                    Necr           85%        N/A       1%          5
 Alistair's Intoxication  Tmut/Pois      60%        N/A       1%          5
 Blade Hands              Tmut           48%        N/A       1%          5
 Lightning Bolt           Conj/Air       46%        1d66      1%          5
 Metabolic Englaciation   Hex/Ice        83%        N/A       1%          5
 Iron Shot                Conj/Erth      48%        9d9       1%          6
 Simulacrum               Ice/Necr       81%        N/A       1%          6
 Statue Form              Tmut/Erth      64%        N/A       1%          6
 Call Canine Familiar     Summ           46%        N/A       2%          3
 Fireball                 Conj/Fire      38%        3d16      2%          5
 Summon Mana Viper        Hex/Summ       76%        N/A       2%          5
 Conjure Ball Lightning   Conj/Air       46%        3x3d16    3%          6
 Summon Forest            Summ/Tloc      34%        N/A       5%          5
 Death Channel            Necr           42%        N/A       7%          6
 Starburst                Conj/Fire      38%        6d11      16%         6
 Discord                  Hex            48%        N/A       61%         8
 Summon Cactus Giant      Summ           23%        N/A       73%         6
 Haunt                    Necr/Summ      34%        N/A       82%         7
 Necromutation            Tmut/Necr      45%        N/A       82%         8
 Maxwell's Capacitive Co  Air            43%        ∞         91%         8
 Borgnjor's Revivificati  Necr           42%        N/A       95%         8
 Disjunction              Tloc           42%        N/A       95%         8
 Infestation              Necr           42%        N/A       95%         8
 Summon Hydra             Summ           23%        N/A       99%         7
 Death's Door             Necr           42%        N/A       100%        9
 Shatter                  Erth           48%        3d37*     100%        9


Dungeon Overview and Level Annotations

Branches:
Dungeon (15/15)            Temple (1/1) D:4            Lair (5/5) D:8
 Shoals (4/4) Lair:2        Snake (4/4) Lair:3        Slime (5/5) Lair:5
    Orc (2/2) D:9             Elf (3/3) Orc:2        Vaults (5/5) D:14
  Crypt (3/3) Vaults:3       Tomb (1/3) Crypt:3      Depths (4/4) D:15
    Zot (5/5) Depths:4      IceCv (visited)

Altars:
Ashenzari
Cheibriados
Dithmenos
Elyvilon
Fedhas
Gozag
Hepliaklqana
Kikubaaqudgha
Makhleb
Nemelex Xobeh
Okawaru
Qazlal
Ru
Sif Muna
Trog
Uskayaw
Vehumet
Wu Jian
Xom
Yredelemnul
Zin
The Shining One
Jiyva

Shops:
D:1 !   D:6 (   D:7 [   D:13 ?   Orc:1 =   Orc:2 !=(:   Elf:1 =   Elf:3 =
Shoals:1 **[   Shoals:3 :   Snake:2 :=:   Snake:4 *   Vaults:1 !   Vaults:2 ?
Vaults:3 =   Vaults:5 !!!*!?   Depths:2 ?

Portals:
Hell: Depths:1 Depths:2 Depths:3 Depths:4
Abyss: Depths:1 Depths:2 Depths:3
Pandemonium: Depths:1 Depths:2 Depths:4
Ziggurat: Depths:3


Innate Abilities, Weirdness & Mutations

Your serpentine skin is tough. (AC +9)
You have supernaturally acute eyesight. (SInv)
Armour fits poorly on your strangely shaped body.
Your system is resistant to poisons. (rPois)
You cover ground very slowly.
You can spit poison.
You can use your snake-like lower body to constrict enemies.
You have sharp fingernails.
You are robust. (+10% HP)


Message History

(P) Snake Pit (M) Slime Pits (O) Orcish Mines (E) Elven Halls (V) Vaults (C) Crypt (W) Tomb (U) Depths (H) Hell (Z) Zot
Where to? (Enter - D:1 @ (x,y), ? - help)
You see here a +0 dagger.
There is a stone staircase leading up here.
You climb upwards.
There is a stone staircase leading down here.
HP restored.
A Brimstone Fiend comes into view.
Casting: Sublimation of Blood (safe; 1% risk of failure)
Confirm with . or Enter, or press ? or * to list all spells.
You feel a huge surge of power!
The heat is drained from your surroundings.
The Brimstone Fiend is frozen!
The Brimstone Fiend is heavily wounded.
Casting: Ozocubu's Refrigeration (mildly dangerous; 1% risk of failure)
Confirm with . or Enter, or press ? or * to list all spells.
You feel a huge surge of power!
The heat is drained from your surroundings.
The Brimstone Fiend is frozen!
The Brimstone Fiend is almost dead.
Casting: Ozocubu's Refrigeration (mildly dangerous; 1% risk of failure)
Confirm with . or Enter, or press ? or * to list all spells.
You feel a huge surge of power!
The heat is drained from your surroundings.
The Brimstone Fiend is frozen!
You kill the Brimstone Fiend!
Dithmenos accepts your kill.
Casting: Ozocubu's Refrigeration (mildly dangerous; 1% risk of failure)
Confirm with . or Enter, or press ? or * to list all spells.
You feel a surge of power!
You draw magical energy from your own body!
Casting: Sublimation of Blood (safe; 1% risk of failure)
Confirm with . or Enter, or press ? or * to list all spells.
You feel a surge of power!
You draw magical energy from your own body!
Casting: Sublimation of Blood (safe; 1% risk of failure)
Confirm with . or Enter, or press ? or * to list all spells.
You feel a surge of power!
You draw magical energy from your own body!
You start resting.
HP restored.
Magic restored.
A soul eater comes into view.
Casting: Sublimation of Blood (safe; 1% risk of failure)
Confirm with . or Enter, or press ? or * to list all spells.
Your reserves of magic are already full.
There is a staircase leading out of the dungeon here.
You have escaped!

###
##........#
#.......##
##..)...#
#...3..#
#.....##
##....#
#...##
##..# ##@#
###


You could see a soul eater.

Vanquished Creatures
  the Royal Jelly (Slime:5)
  2 dread liches
  9 orbs of fire
  Tiamat (Zot:2)
  3 ancient liches (Zot:5)
  Mennas (Crypt:3)
  2 juggernauts
  Sojobo (Depths:4)
  A royal mummy (Tomb:1)
  4 Killer Klowns
  Parghit (Zot:4)
  Saint Roka (Depths:1)
  A caustic shrike (Depths:3)
  5 curse toes
  The ghost of initializr the Slayer, an adept OgEE of Kikubaaqudgha (Shoals:4)
  Nikola (Vaults:2)
  14 golden dragons
  The ghost of Dyrphilu the Spry, an adept GnMo of Gozag (Vaults:4)
  2 bone dragons (Crypt:3)
  A Brimstone Fiend (D:1)
  2 doom hounds (Crypt:3)
  8 electric golems
  Jorgrun (Shoals:1)
  A Hell Sentinel (D:10)
  6 liches
  4 deep elf blademasters (Elf:3)
  Grunn (Crypt:3)
  The ghost of Aclimpov the Metallomancer, an adept GrEE of Vehumet (Vaults:2)
  27 Orb Guardians
  21 tentacled monstrosities
  5 titans (Vaults:5)
  14 quicksilver dragons
  4 deep elf master archers (Elf:3)
  20 acid blobs
  2 krakens (Shoals:3)
  Frances (Shoals:1)
  9 death cobs
  2 Executioners (Depths:1)
  5 ancient champions (Crypt:3)
  9 sphinxes
  12 shadow dragons
  Agnes (Elf:1)
  Donald (Orc:2)
  8 tengu reavers
  8 draconian monks
  16 storm dragons
  2 revenants
  12 azure jellies
  3 nagarajas (Snake:4)
  6 draconian knights
  A demonspawn warmonger (D:14)
  10 rockslimes
  8 frost giants
  5 iron dragons
  9 fire giants
  Aizul (Vaults:1)
  A caustic shrike zombie (Crypt:3)
  6 deep elf sorcerers
  13 vault wardens
  3 ghouls (Crypt:1)
  8 draconian scorchers
  A balrug (Depths:2)
  A ghost moth (Zot:4)
  2 angels (Depths:3)
  11 draconian shifters
  3 draconian stormcallers
  3 curse skulls
  16 ironbound preservers
  A reaper (D:14)
  4 deep elf elementalists (Elf:3)
  An orc warlord (Vaults:3)
  14 quicksilver oozes
  A cacodemon (Depths:4)
  The ghost of Sebetes the Fencer, a journeyman DgGl (D:13)
  6 ironbound thunderhulks
  6 war gargoyles
  16 stone giants
  7 draconian annihilators
  A juggernaut skeleton (Crypt:3)
  5 deep elf demonologists
  3 caustic shrike skeletons (Crypt:3)
  25 very ugly things
  Nessos (Orc:2)
  22 black draconians
  6 deep elf annihilators
  18 green draconians
  4 bennus (Tomb:1)
  15 yellow draconians
  A rockslime zombie (Crypt:1)
  13 dire elephants
  5 vampire knights
  23 purple draconians
  20 white draconians
  17 red draconians
  8 spark wasps
  4 eidola
  2 crystal guardians (Vaults:3)
  4 deep elf death magi
  14 ettins
  Josephine (D:13)
  A green death (Zot:5)
  8 fire dragons
  18 yaktaur captains
  7 mummy priests (Tomb:1)
  5 merfolk impalers
  18 jiangshi
  5 merfolk javelineers
  7 deep elf high priests
  9 great orbs of eyes
  3 entropy weavers
  Erolcha (Orc:2)
  16 rakshasas
  4 hydras
  3 peacekeepers
  8 ogre magi
  A catoblepas (Lair:4)
  8 ice dragons
  An Orb Guardian zombie (Crypt:1)
  3 ironbound frosthearts
  12 centaur warriors
  A salamander tyrant (Snake:4)
  30 vault guards
  2 merfolk avatars
  An anaconda (shapeshifter) (Vaults:5)
  A death knight (Crypt:1)
  5 spriggan skeletons (Crypt:3)
  10 two-headed ogres
  6 alligator snapping turtles
  4 boulder beetles
  12 anacondas
  38 dancing weapons
  A satyr (shapeshifter) (Vaults:5)
  5 spriggan air magi
  4 death scarabs (Tomb:1)
  11 deep troll shamans
  4 merfolk aquamancers
  14 naga warriors
  Erica (D:9)
  9 tengu warriors
  9 deep troll earth magi
  12 vampire magi
  4 satyrs
  2 death yaks
  8 shock serpents
  9 naga sharpshooters
  Nergalle (D:11)
  3 orc high priests
  8 hell knights
  2 soul eaters (Depths:2)
  5 spriggan berserkers
  2 titan skeletons (Crypt:3)
  19 deep elf knights
  3 sun demons
  4 shadow wraiths
  A spriggan (Depths:4)
  A shock serpent (shapeshifter) (Vaults:5)
  2 sixfirhies
  3 skysharks
  6 iron trolls
  62 skeletal warriors
  2 death drakes (Depths:4)
  6 salamander mystics
  A sea snake (shapeshifter) (D:15)
  A goliath frog (Lair:5)
  2 bunyip skeletons (Crypt:3)
  2 flayed ghosts
  7 wizards
  8 large abominations (Depths:1)
  10 phantasmal warriors
  15 sea snakes
  4 glowing orange brains
  59 deep trolls
  An anaconda skeleton (Tomb:1)
  An iron giant skeleton (Crypt:2)
  23 deep elf zephyrmancers
  An obsidian statue (IceCv)
  Pikel (D:9)
  4 spriggan simulacra
  3 bog bodies (IceCv)
  14 deep elf archers
  17 lindwurms
  22 ironbound convokers
  A shadow dragon zombie (Crypt:2)
  2 golden dragon skeletons
  3 naga ritualists
  4 necromancers
  8 orc knights
  23 deep elf pyromancers
  8 orc sorcerers
  19 fauns
  15 harpies
  9 shining eyes
  10 mana vipers
  16 manticores
  60 ugly things
  2 tengu skeletons
  A faun (shapeshifter) (Elf:3)
  A sphinx skeleton (Vaults:3)
  A sphinx zombie (Vaults:4)
  4 cyclopes
  22 elephants
  11 salamanders
  25 moths of wrath
  31 black mambas
  10 merfolk sirens
  A fire giant skeleton (Depths:3)
  A skyshark zombie (Crypt:1)
  4 eyes of devastation
  Maurice (D:8)
  10 guardian serpents
  A shock serpent zombie (Crypt:1)
  3 smoke demons
  A torpor snail (Lair:2)
  19 vault sentinels
  15 cane toads
  A centaur skeleton (Tomb:1)
  18 naga magi
  3 gargoyles
  10 water nymphs
  An orange demon (Depths:1)
  A purple draconian zombie (Crypt:2)
  3 unseen horrors
  2 efreet
  9 komodo dragons
  3 naga skeletons (Crypt:3)
  Maggie (D:9)
  An iron troll zombie (Crypt:2)
  2 dire elephant skeletons (Crypt:3)
  2 rime drakes
  2 tengu conjurers
  19 freezing wraiths
  2 elf skeletons (Vaults:4)
  An elf zombie (Vaults:3)
  An alligator snapping turtle skeleton (Crypt:3)
  35 yaktaurs
  Psyche (D:9)
  4 anaconda simulacra
  2 human skeletons
  3 ice devils
  2 hellwings
  A tormentor (Depths:1)
  8 guardian mummies
  2 red devils
  2 hydra zombies
  A white draconian skeleton (Crypt:2)
  5 trolls
  A mana viper skeleton (Crypt:2)
  4 tyrant leeches (Lair:5)
  A hornet (Depths:4)
  25 merfolk
  4 polar bears
  A queen bee (Lair:1)
  4 wind drakes
  3 harpy skeletons (Crypt:3)
  28 blink frogs
  4 snapping turtles
  3 dream sheep (Shoals:4)
  An ettin skeleton (Crypt:3)
  A shadow (D:11)
  105 slime creatures
  A jumping spider (Vaults:2)
  A slime creature (shapeshifter) (Vaults:5)
  3 dire elephant simulacra (IceCv)
  An elf simulacrum (Vaults:4)
  14 flying skulls
  9 water elementals
  11 wraiths
  2 air elementals
  A vampire (D:13)
  2 ynoxinuls
  An alligator skeleton (Crypt:2)
  11 wyverns
  5 basilisks
  39 yaks
  4 redbacks (Vaults:1)
  A golden eye (shapeshifter) (Elf:1)
  3 steam dragons
  11 vampire mosquitoes
  4 chaos spawn
  An ushabti (Tomb:1)
  3 golden eyes (Slime:3)
  A neqoxec (Depths:2)
  4 minotaur simulacra
  44 nagas
  5 harpy simulacra
  A water nymph zombie (Crypt:2)
  An acid dragon (D:13)
  9 water moccasins
  4 wargs
  3 hydra simulacra (IceCv)
  An ogre skeleton (Vaults:3)
  A water moccasin (shapeshifter) (Vaults:5)
  4 floating eyes
  28 orc warriors
  A deep troll skeleton (Crypt:3)
  An alligator simulacrum (IceCv)
  10 black bears
  4 ettin simulacra (IceCv)
  A cane toad skeleton (Crypt:1)
  17 wolves
  13 centaurs
  10 ogres
  A dream sheep skeleton (Crypt:3)
  A phantom (D:3)
  4 kobold brigands
  2 gnoll sergeants
  18 bullfrogs
  2 necrophages
  A glowing shapeshifter simulacrum (Depths:3)
  A komodo dragon skeleton (Crypt:3)
  3 deep troll simulacra
  2 earth elementals
  5 scorpions
  3 small abominations (Depths:1)
  4 wights (D:7)
  7 lindwurm simulacra (IceCv)
  A water moccasin skeleton (Crypt:1)
  30 killer bees
  2 electric eels (Lair:2)
  6 howler monkeys
  A human simulacrum (Vaults:4)
  4 hounds
  11 jellies
  3 gnoll boudas
  13 orc priests
  Ijyb (D:5)
  2 iguanas
  An iguana (shapeshifter) (Depths:4)
  43 orc wizards
  A deep dwarf skeleton (Crypt:3)
  An acid dragon skeleton (Crypt:1)
  28 mummies
  7 adders
  19 gnolls
  A shadow imp (D:5)
  5 white imps
  2 ufetubi
  An adder skeleton (Crypt:3)
  4 worms
  A dart slug (D:2)
  92 orcs
  6 endoplasms
  5 giant cockroaches
  8 goblins
  5 hobgoblins
  44 kobolds
  2 quokkas
  3 ball pythons
  2 bats (D:2)
  5 frilled lizards
  A jackal zombie (Crypt:2)
  4 rats
  A bush (D:5)
  5 plants
  3 tentacles (Shoals:3)
2697 creatures vanquished.

Vanquished Creatures (collateral kills)
  A deep elf blademaster (Elf:3)
  2 krakens
  A storm dragon (Zot:4)
  A yellow draconian (Zot:2)
  6 tentacles
11 creatures vanquished.

Vanquished Creatures (others)
  A deep elf knight (Elf:3)
  2 dancing weapons
  An orc warrior (Elf:1)
  A centaur (D:13)
  23 fungi
  331 plants
  18 tentacles
377 creatures vanquished.

Grand Total: 3085 creatures vanquished

Notes
Turn   | Place    | Note
-------+----------+-------------------------------------------
     0 | D:1      | Ge0ff the Naga Enchanter began the quest for the Orb.
     0 | D:1      | Reached XP level 1. HP: 15/15 MP: 3/3
   152 | D:1      | Reached skill level 1 in Ice Magic
   170 | D:1      | Reached XP level 2. HP: 24/24 MP: 5/5
   173 | D:1      | Learned a level 2 spell: Ensorcelled Hibernation
   309 | D:1      | Found a faded altar of an unknown god.
   441 | D:1      | Reached skill level 1 in Fighting
   640 | D:1      | Found Cenyeh's Distillery.
   702 | D:2      | Reached XP level 3. HP: 31/31 MP: 1/6
  1185 | D:2      | Identified the +1 scale mail of Beastly Happiness {Str+3}
  1512 | D:3      | Reached XP level 4. HP: 38/38 MP: 2/7
  1573 | D:3      | Noticed a phantom
  1578 | D:3      | Killed a phantom
  1579 | D:3      | Reached skill level 5 in Stealth
  1579 | D:3      | Reached XP level 5. HP: 10/44 MP: 2/8
  1761 | D:3      | Reached XP level 6. HP: 51/51 MP: 2/9
  2398 | D:1      | Bought a potion of curing for 39 gold pieces
  2566 | D:4      | Found a staircase to the Ecumenical Temple.
  2581 | Temple   | Entered the Ecumenical Temple
  3047 | Temple   | Became a worshipper of Dithmenos the Shadowed
  3305 | D:4      | Found a snail-covered altar of Cheibriados.
  3403 | D:4      | Noticed a black bear
  3408 | D:4      | Killed a black bear
  3472 | D:4      | Reached XP level 7. HP: 60/60 MP: 7/10
  3704 | D:5      | Entered Level 5 of the Dungeon
  3780 | D:5      | Identified the +0 helmet of the Sun {Str+4 SInv}
  3858 | D:5      | Found a burning altar of Makhleb.
  3873 | D:5      | Learned a level 3 spell: Confusing Touch
  3877 | D:5      | Learned a level 3 spell: Tukima's Dance
  4065 | D:5      | Noticed Ijyb
  4074 | D:5      | Killed Ijyb
  4759 | D:5      | Reached * piety under Dithmenos
  4760 | D:5      | Reached skill level 5 in Hexes
  5403 | D:5      | Reached XP level 8. HP: 67/67 MP: 11/11
  5960 | D:6      | Reached skill level 5 in Short Blades
  6006 | D:6      | Found Amunemm's Weapon Boutique.
  6132 | D:6      | Reached ** piety under Dithmenos
  6133 | D:6      | Reached skill level 1 in Evocations
  6670 | D:1      | Bought a potion of might for 52 gold pieces
  6670 | D:1      | Bought a potion of ambrosia for 104 gold pieces
  6960 | D:7      | Found a huge runed translucent gate.
  6973 | D:7      | Learned a level 3 spell: Dazzling Flash
  6998 | D:7      | Reached XP level 9. HP: 73/73 MP: 13/13
  7011 | D:7      | Noticed a gargoyle
  7026 | D:7      | Killed a gargoyle
  7045 | D:7      | Identified the +0 flail of Cayset {freeze, rF+}
  7341 | D:7      | Found a huge runed translucent gate.
  7342 | D:7      | Found a huge runed translucent gate.
  7343 | D:7      | Found a huge runed translucent gate.
  7343 | D:7      | Noticed a death yak
  7344 | D:7      | Noticed a manticore
  7344 | D:7      | Noticed a polar bear
  7345 | D:7      | Noticed a polar bear
  7452 | D:7      | Identified the +1 leather armour of Gozag's Outrage {Str+4}
  7537 | D:7      | Reached skill level 10 in Stealth
  7695 | D:7      | Found Soiqea's Armour Shop.
  8373 | D:8      | Found a staircase to the Lair.
  8373 | D:8      | Noticed an elephant
  8373 | D:8      | Noticed Maurice
  8481 | D:9      | Noticed Erica
  8484 | D:9      | Noticed Pikel
  8515 | D:9      | Killed Pikel
  8516 | D:9      | Reached XP level 10. HP: 59/80 MP: 0/14
  8625 | D:9      | Reached *** piety under Dithmenos
  8650 | D:8      | Reached skill level 10 in Short Blades
  8891 | D:9      | Reached skill level 1 in Throwing
  8994 | D:9      | Found a staircase to the Orcish Mines.
  9004 | D:9      | Learned a level 3 spell: Mephitic Cloud
  9007 | D:9      | Noticed Maggie
  9091 | D:9      | Killed Erica
  9092 | D:9      | Reached skill level 1 in Conjurations
  9092 | D:9      | Reached skill level 1 in Poison Magic
  9262 | D:8      | Reached skill level 1 in Air Magic
  9476 | D:9      | Noticed Psyche
  9505 | D:9      | Killed Psyche
  9526 | D:9      | Killed Maggie
  9554 | D:9      | Identified a scroll of acquirement
  9554 | D:9      | Acquired a +1 barding of stealth
  9816 | D:10     | Entered Level 10 of the Dungeon
  9889 | D:10     | Reached XP level 11. HP: 86/90 MP: 10/16
 10010 | D:10     | Found a portal to a secret trove of treasure.
 10142 | D:10     | Noticed a two-headed ogre
 10150 | D:10     | Killed a two-headed ogre
 10489 | D:10     | Reached **** piety under Dithmenos
 11049 | D:11     | Noticed Nergalle
 11056 | D:11     | Killed Nergalle
 11814 | D:11     | Noticed a two-headed ogre
 11816 | D:11     | Killed a two-headed ogre
 11817 | D:11     | Reached skill level 5 in Ice Magic
 12165 | D:7      | Killed a manticore
 12167 | D:7      | Killed a death yak
 12637 | D:8      | Reached XP level 12. HP: 100/100 MP: 14/18
 12639 | D:8      | Reached skill level 5 in Evocations
 12649 | D:8      | Killed Maurice
 12772 | Lair:1   | Entered Level 1 of the Lair of Beasts
 12916 | Lair:1   | Reached skill level 5 in Poison Magic
 13166 | Lair:1   | Reached skill level 5 in Fighting
 13285 | Lair:1   | Reached skill level 5 in Spellcasting
 13609 | Lair:1   | Reached ***** piety under Dithmenos
 14235 | Lair:2   | Reached skill level 5 in Conjurations
 14240 | Lair:2   | Reached skill level 5 in Air Magic
 14639 | Lair:2   | Noticed a five-headed hydra
 14648 | Lair:2   | Killed a five-headed hydra
 14649 | Lair:2   | Reached skill level 1 in Invocations
 14649 | Lair:2   | Gained mutation: You can use your snake-like lower body to
                  | constrict enemies. [Naga growth]
 14649 | Lair:2   | Reached XP level 13. HP: 109/109 MP: 21/21
 14723 | Lair:2   | Reached skill level 2 in Invocations
 14816 | Lair:2   | Found a staircase to the Shoals.
 15349 | Lair:3   | Found a staircase to the Snake Pit.
 15400 | Lair:3   | Reached skill level 3 in Invocations
 16995 | Lair:5   | Entered Level 5 of the Lair of Beasts
 17011 | Lair:5   | Reached skill level 10 in Hexes
 17518 | Lair:5   | Reached XP level 14. HP: 117/117 MP: 21/25
 17642 | Lair:5   | Identified the +3 battleaxe of the Neverending Queens
                  | {antimagic, *Rage rPois rF++ SInv}
 18045 | D:7      | Bought a +2 helmet of intelligence for 344 gold pieces
 18067 | D:7      | Learned a level 7 spell: Ozocubu's Refrigeration
 18590 | Lair:5   | Reached ****** piety under Dithmenos
 18993 | Lair:5   | Identified the +13 plate armour "Keduf" {rF+ Will+}
 19063 | Lair:5   | Found a viscous altar of Jiyva.
 19063 | Lair:5   | Found a staircase to the Slime Pits.
 20050 | Lair:5   | Found a viscous altar of Jiyva.
 20050 | Lair:5   | Found a staircase to the Slime Pits.
 20741 | D:12     | You fall into a shaft and drop 3 floors!
 20741 | D:15     | Entered Level 15 of the Dungeon
 20966 | D:13     | Found The Oracle's Delphic Readings.
 20977 | D:13     | Bought a scroll of teleportation for 39 gold pieces
 21060 | D:13     | Identified the +9 trident "Orb Guardian's Curse" {venom,
                  | +Blink rElec rF+++ Will-}
 21297 | D:12     | Reached skill level 10 in Ice Magic
 21306 | D:12     | Identified the +1 robe of the Sky {Harm rCorr Str+3}
 21963 | D:12     | Reached XP level 15. HP: 123/123 MP: 28/28
 22170 | D:13     | Noticed Sebetes's ghost (journeyman DgGl)
 22190 | D:13     | Found a runed translucent door.
 22197 | D:13     | Noticed Josephine
 22214 | D:13     | Killed Josephine
 22908 | D:13     | Killed Sebetes's ghost
 23207 | D:13     | Got the Parchment of the Tektite
 24601 | D:14     | Found a gate to the Vaults.
 25572 | D:15     | Reached skill level 10 in Spellcasting
 26172 | D:15     | Reached XP level 16. HP: 130/130 MP: 15/30
 26322 | D:15     | Reached skill level 15 in Ice Magic
 27177 | D:15     | Found a staircase to the Depths.
 27968 | Orc:1    | Entered Level 1 of the Orcish Mines
 28754 | Orc:1    | Reached skill level 1 in Shields
 28788 | Orc:1    | Found Xethrof's Jewellery Boutique.
 29053 | Orc:2    | Entered Level 2 of the Orcish Mines
 29053 | Orc:2    | Noticed Donald
 29062 | Orc:2    | Killed Donald
 29793 | Orc:2    | Found a bloodstained altar of Trog.
 29826 | Orc:2    | Reached skill level 1 in Armour
 29889 | Orc:2    | Found a staircase to the Elven Halls.
 30145 | Orc:2    | Noticed Nessos
 30151 | Orc:2    | Killed Nessos
 30735 | Orc:2    | Reached skill level 5 in Throwing
 31273 | Orc:2    | Found an ancient bone altar of Kikubaaqudgha.
 31454 | Orc:2    | Noticed Erolcha
 31458 | Orc:2    | Killed Erolcha
 31581 | Orc:2    | Found a radiant altar of Vehumet.
 31663 | Orc:2    | Found Ihillag's Distillery.
 31671 | Orc:2    | Bought a potion of berserk rage for 80 gold pieces
 31726 | Orc:2    | Found Orosha's Jewellery Shop.
 31758 | Orc:2    | Found Nigrigih's Book Boutique.
 31767 | Orc:2    | Found Wiwkous Poph's Antique Weapon Boutique.
 32172 | Snake:1  | Entered Level 1 of the Snake Pit
 33594 | Snake:1  | Identified the amulet "Ofytymoe" {Acrobat rElec rF+++ Str-3
                  | Int-5}
 33759 | Snake:1  | Got the Information on Pneumatic Maleficia
 34253 | Snake:2  | Learned a level 5 spell: Freezing Cloud
 35192 | Snake:2  | Found Riohumid's Book Shoppe.
 35192 | Snake:2  | Found Zeufu's Jewellery Boutique.
 35193 | Snake:2  | Found Mesel's Book Shoppe.
 35343 | Snake:2  | Reached skill level 5 in Shields
 35760 | Orc:1    | Bought the ring of Compulsion {Ice Will+ Str+5} for 529
                  | gold pieces
 35782 | Orc:1    | Bought the ring of Pymisief {Fly rPois rC+ Dex+4} for 513
                  | gold pieces
 36335 | Snake:2  | Reached XP level 17. HP: 138/138 MP: 11/32
 38397 | Snake:4  | Entered Level 4 of the Snake Pit
 38739 | Snake:4  | Found Firan's Mass Market.
 39376 | Snake:4  | Found a hazy altar of Hepliaklqana.
 40489 | Snake:4  | Found a hazy altar of Hepliaklqana.
 40497 | Snake:4  | Found Firan's Mass Market.
 42764 | Snake:4  | Reached XP level 18. HP: 126/152 MP: 3/34
 43212 | Snake:4  | Got a serpentine rune of Zot
 43844 | Shoals:1 | Entered Level 1 of the Shoals
 44039 | Shoals:1 | Found Oshimu's Antique Armour Boutique.
 44052 | Shoals:1 | Bought a twisted leather armour for 252 gold pieces
 44052 | Shoals:1 | Identified the +1 leather armour of the Thunderstorm {Drain
                  | rPois rC+++ Regen+} (You bought it in a shop on level 1 of
                  | the Shoals)
 44320 | Shoals:1 | Found Bereucohe's Assorted Antiques.
 44470 | Shoals:1 | Bought a glowing zirconium amulet for 130 gold pieces
 44501 | Shoals:1 | Noticed Jorgrun
 44505 | Shoals:1 | Killed Jorgrun
 44626 | Shoals:1 | Noticed Frances
 44635 | Shoals:1 | Killed Frances
 44936 | Shoals:1 | Found Xioveloo's Assorted Antiques.
 45003 | Shoals:1 | Bought a scroll of teleportation for 63 gold pieces
 47636 | Shoals:3 | Learned a level 5 spell: Lee's Rapid Deconstruction
 47687 | Shoals:3 | Found a frozen archway.
 47783 | Shoals:3 | Reached skill level 1 in Earth Magic
 47813 | IceCv    | Entered an ice cave
 48443 | IceCv    | Learned a level 4 spell: Iskenderun's Mystic Blast
 48461 | IceCv    | Found an ancient bone altar of Kikubaaqudgha.
 48465 | IceCv    | Reached skill level 1 in Translocations
 48688 | IceCv    | Noticed a lich
 48703 | IceCv    | Killed a lich
 48828 | IceCv    | Got the Quarto of Ghoulish Refrigeration
 49878 | Shoals:3 | Reached skill level 5 in Earth Magic
 50231 | Shoals:3 | Found Femuit's Book Shoppe.
 50349 | Shoals:3 | Reached XP level 19. HP: 160/160 MP: 14/36
 50900 | Shoals:3 | Learned a level 5 spell: Yara's Violent Unravelling
 51614 | Shoals:4 | Entered Level 4 of the Shoals
 52028 | Shoals:4 | Got a barnacled rune of Zot
 52061 | Shoals:4 | Found a runed translucent gate.
 52061 | Shoals:4 | Found a runed translucent gate.
 52061 | Shoals:4 | Found a runed translucent gate.
 52061 | Shoals:4 | Noticed initializr's ghost (adept OgEE)
 52986 | Shoals:4 | Reached skill level 5 in Translocations
 53686 | Shoals:4 | Identified the +6 morningstar of Xonagera {heavy, rPois
                  | Str+2}
 54436 | Elf:1    | Entered Level 1 of the Elven Halls
 54447 | Elf:1    | Noticed Agnes
 54698 | Elf:1    | Killed Agnes
 55163 | Elf:1    | Found Oshril's One-of-a-Kind Rings.
 55282 | Elf:1    | Paralysed by an air elemental for 1 turns
 55449 | Elf:1    | Reached skill level 1 in Transmutations
 56418 | Elf:1    | Identified the +0 troll leather armour "Liecsaif" {rPois
                  | rF++ rN+ Regen+ Dex-5}
 56500 | Elf:1    | Found a runed translucent gate.
 56500 | Elf:1    | Found a runed translucent gate.
 56500 | Elf:1    | Found a runed translucent gate.
 56500 | Elf:1    | Found a runed translucent gate.
 56500 | Elf:1    | Found a runed translucent gate.
 56502 | Elf:1    | Found a runed translucent gate.
 57373 | Elf:2    | Learned a level 2 spell: Blink
 57786 | Elf:2    | Found a runed translucent gate.
 57786 | Elf:2    | Found a runed translucent gate.
 57787 | Elf:2    | Found a runed translucent gate.
 58434 | Elf:2    | Reached XP level 20. HP: 149/171 MP: 2/38
 60200 | Elf:3    | Entered Level 3 of the Elven Halls
 60597 | Elf:3    | Reached skill level 15 in Spellcasting
 60799 | Elf:3    | Reached skill level 5 in Transmutations
 61006 | Elf:3    | Found Cicwif's Jewellery Shoppe.
 62323 | Elf:3    | Identified the +3 great mace of Romaqoom {flame, rC+}
 62323 | Elf:3    | Identified the +1 leather armour "Haoroev" {Drain rElec rF+
                  | Dex+4}
 62980 | Elf:3    | Identified the +8 dagger of Moral Flaws {flame, rF+ rC+
                  | Stlth+}
 63479 | Elf:3    | Found the +10 Black Knight's barding {ponderous, rPois rN+}
 63524 | Elf:3    | Identified the +1 chain mail of Chimes {Contam rN+ Int+2
                  | Dex+2}
 63546 | Elf:3    | Got the Incunable of the Evil Eye
 63725 | Elf:3    | Bought the amulet of Patience {Reflect rElec SH+5} for 572
                  | gold pieces
 63747 | Elf:3    | Learned a level 9 spell: Polar Vortex
 63811 | Elf:1    | Bought the ring "Qumnieso" {+Blink Fly rC++ rCorr Int+3}
                  | for 958 gold pieces
 64078 | Slime:1  | Entered Level 1 of the Pits of Slime
 64555 | Slime:1  | Reached XP level 21. HP: 176/180 MP: 0/40
 68547 | Slime:5  | Entered Level 5 of the Pits of Slime
 69312 | Slime:5  | Noticed the Royal Jelly
 69324 | Slime:5  | Killed the Royal Jelly
 70537 | Slime:5  | Identified the +4 plate armour "Qaczeusch" {-Tele Fly rElec
                  | Will+++}
 70560 | Slime:5  | Identified the amulet of Venar {RegenMP rC++}
 70562 | Slime:5  | Identified the ring "Feunem" {Will+ Dex+3}
 70600 | Slime:5  | Got a slimy rune of Zot
 70630 | Slime:5  | Got the Compendium of Weathered Erosion
 70631 | Slime:5  | Identified the +5 glaive of Ane Mik {flame, rElec Dex+2}
 70643 | Slime:5  | Learned a level 2 spell: Passwall
 70648 | Slime:5  | Learned a level 4 spell: Dispel Undead
 71234 | Vaults:1 | Entered Level 1 of the Vaults
 71238 | Vaults:1 | Noticed Aizul
 71243 | Vaults:1 | Killed Aizul
 71462 | Vaults:1 | Found Taqiple's Distillery.
 71470 | Vaults:1 | Bought a potion of brilliance for 68 gold pieces
 71470 | Vaults:1 | Bought a potion of brilliance for 68 gold pieces
 71470 | Vaults:1 | Bought a potion of brilliance for 68 gold pieces
 71470 | Vaults:1 | Bought a potion of heal wounds for 85 gold pieces
 71488 | Vaults:1 | Reached skill level 1 in Necromancy
 72774 | Vaults:1 | Reached XP level 22. HP: 188/188 MP: 17/42
 72970 | Vaults:1 | Identified the +1 chain mail of Cahe {Int+3}
 73392 | Vaults:2 | Found Pudode's Magic Scroll Shop.
 73404 | Vaults:2 | Bought a scroll of enchant armour for 105 gold pieces
 73404 | Vaults:2 | Bought a scroll of immolation for 56 gold pieces
 73404 | Vaults:2 | Bought a scroll of immolation for 56 gold pieces
 73404 | Vaults:2 | Bought a scroll of teleportation for 42 gold pieces
 73404 | Vaults:2 | Bought a scroll of magic mapping for 105 gold pieces
 73404 | Vaults:2 | Bought a scroll of vulnerability for 56 gold pieces
 73782 | Vaults:2 | Noticed Nikola
 73790 | Vaults:2 | Killed Nikola
 74353 | Vaults:2 | Reached skill level 5 in Armour
 74355 | Vaults:2 | Reached skill level 5 in Necromancy
 74877 | Vaults:2 | Found a runed translucent door.
 74877 | Vaults:2 | Found the ring of the Mage {Wiz Archmagi}
 74877 | Vaults:2 | Noticed Aclimpov's ghost (adept GrEE)
 74981 | Vaults:2 | Learned a level 1 spell: Apportation
 75395 | Vaults:2 | Killed Aclimpov's ghost
 75512 | Vaults:3 | Identified the +1 morningstar of Bodily Humours {spect,
                  | rPois rN+ Int-4 Dex+4}
 75661 | Vaults:3 | Found Jich's Jewellery Boutique.
 76221 | Vaults:3 | Reached XP level 23. HP: 194/194 MP: 16/44
 76849 | Vaults:3 | Found a staircase to the Crypt.
 76849 | Vaults:3 | Found a basalt altar of Yredelemnul.
 76850 | Vaults:3 | Found an ancient bone altar of Kikubaaqudgha.
 77359 | Vaults:4 | Reached skill level 10 in Earth Magic
 77462 | Vaults:4 | Found a runed translucent gate.
 77462 | Vaults:4 | Found a runed translucent gate.
 77462 | Vaults:4 | Found a runed translucent gate.
 77463 | Vaults:4 | Noticed Dyrphilu's ghost (adept GnMo)
 77502 | Vaults:5 | Entered Level 5 of the Vaults
 78652 | Vaults:4 | Reached skill level 10 in Shields
 78848 | Vaults:4 | Killed Dyrphilu's ghost
 78864 | Vaults:4 | Identified the +1 robe of Moiclup {Will+ Stlth+}
 79115 | Depths:1 | Entered Level 1 of the Depths
 79316 | Depths:1 | Found a one-way gate to the infinite horrors of the Abyss.
 79451 | Depths:1 | Noticed a juggernaut
 79561 | Depths:1 | Found a gateway to Hell.
 79589 | Depths:1 | Reached XP level 24. HP: 202/202 MP: 31/44
 79617 | Depths:1 | Noticed Saint Roka
 79622 | Depths:1 | Killed Saint Roka
 79798 | Depths:1 | Found a one-way gate leading to the halls of Pandemonium.
 79886 | Depths:1 | Killed a juggernaut
 80141 | Depths:1 | Found an ornate altar of the Wu Jian Council.
 80265 | Depths:1 | You fall into a shaft and drop 1 floor!
 80909 | Shoals:4 | Killed initializr's ghost
 81298 | Depths:2 | Found Geodweheku's Magic Scroll Shop.
 81353 | Depths:2 | Bought a scroll of acquirement for 884 gold pieces
 81353 | Depths:2 | Bought a scroll of teleportation for 51 gold pieces
 81500 | D:10     | You paid a toll of 2 scrolls of acquirement to enter a
                  | treasure trove
 81501 | Trove    | Entered a treasure trove
 81511 | Trove    | Identified the amulet "Equs" {Faith Regen+ rCorr}
 81515 | Trove    | Identified the ring "Ryulekk" {*Corrode Int+6 Dex+3 SInv}
 81518 | Trove    | Identified the ring "Qoibopac" {rC+ Will+ MP+9 Str+6 Dex-5}
 81523 | Trove    | Identified the ring "Irufadd" {+Blink rC+ Dex+2}
 81529 | Trove    | Identified the ring of Hepliaklqana's Grace {Fire Drain
                  | rElec Int-2 SInv}
 81532 | Trove    | Identified the ring of Cynicism {Ice *Slow Int+2 Dex+5
                  | Stlth+}
 81535 | Trove    | Identified the ring of the Lobster {rCorr Int+6}
 82255 | Depths:2 | Reached skill level 4 in Invocations
 82986 | Depths:3 | Found a one-way gateway to a ziggurat.
 83203 | Depths:3 | Found a radiant altar of Vehumet.
 83294 | Depths:3 | Noticed a juggernaut
 83297 | Depths:3 | Killed a juggernaut
 83298 | Depths:3 | Reached skill level 10 in Armour
 83300 | Depths:3 | Reached skill level 5 in Invocations
 83415 | Depths:3 | Reached skill level 10 in Fighting
 83438 | Depths:3 | Noticed a caustic shrike
 83443 | Depths:3 | Killed a caustic shrike
 83449 | Depths:3 | Reached skill level 6 in Invocations
 83962 | Depths:3 | Reached skill level 7 in Invocations
 84394 | Depths:4 | Entered Level 4 of the Depths
 84485 | Depths:4 | Reached skill level 8 in Invocations
 84636 | Depths:4 | Reached XP level 25. HP: 209/210 MP: 26/45
 84879 | Depths:4 | Found a hide-covered altar of Uskayaw.
 84914 | Depths:4 | Reached skill level 9 in Invocations
 85130 | Depths:4 | Noticed Sojobo
 85135 | Depths:4 | Killed Sojobo
 85194 | Depths:4 | Reached skill level 10 in Invocations
 85788 | Depths:4 | Reached skill level 15 in Shields
 85824 | Depths:4 | Reached skill level 11 in Invocations
 86256 | Depths:4 | Identified the amulet "Wanamah" {Faith rElec rPois Int+4
                  | Dex-5}
 86306 | Depths:4 | Reached skill level 12 in Invocations
 86555 | Depths:4 | Found a gate to the Realm of Zot.
 86573 | Depths:4 | Identified the ring "Icokkex" {rN+ Str+3}
 87001 | Depths:4 | Found a hide-covered altar of Uskayaw.
 87082 | Depths:4 | Reached skill level 13 in Invocations
 87129 | Depths:4 | Learned a level 5 spell: Irradiate
 87539 | Depths:4 | Found a gate to the Realm of Zot.
 88655 | Vaults:5 | Reached skill level 14 in Invocations
 88655 | Vaults:5 | Reached XP level 26. HP: 220/220 MP: 32/45
 88878 | Vaults:5 | Noticed a dread lich
 88921 | Vaults:5 | Killed a dread lich
 89640 | Vaults:5 | Reached skill level 10 in Conjurations
 89640 | Vaults:5 | Found Rucw's Distillery.
 89667 | Vaults:5 | Reached skill level 15 in Invocations
 89699 | Vaults:5 | Found Ekhiubb's Magic Scroll Boutique.
 89715 | Vaults:5 | Found Mourph's Distillery.
 89973 | Vaults:5 | Found Domiukog's Distillery.
 89974 | Vaults:5 | Found Zygheteo's Distillery.
 90016 | Vaults:5 | Got a silver rune of Zot
 90447 | Vaults:5 | Found Seqofirr's Assorted Antiques.
 90453 | Vaults:5 | Bought a potion of brilliance for 132 gold pieces
 90453 | Vaults:5 | Bought a wand of paralysis (4) for 316 gold pieces
 90600 | Crypt:1  | Entered Level 1 of the Crypt
 91078 | Crypt:1  | Reached skill level 10 in Transmutations
 91187 | Crypt:2  | Reached skill level 16 in Invocations
 91509 | Crypt:2  | Identified the +5 falchion of Kuloc {heavy, Str+3}
 91795 | Crypt:3  | Entered Level 3 of the Crypt
 91827 | Crypt:3  | Noticed Mennas
 91830 | Crypt:3  | Reached skill level 17 in Invocations
 91831 | Crypt:3  | Killed Mennas
 92019 | Crypt:3  | Identified the +0 scale mail "Pybeesaf" {rElec}
 92078 | Crypt:2  | Found an ancient bone altar of Kikubaaqudgha.
 92274 | Crypt:3  | Reached skill level 18 in Invocations
 92348 | Crypt:3  | Reached XP level 27. HP: 228/228 MP: 22/45
 92354 | Crypt:3  | Noticed Grunn
 92357 | Crypt:3  | Killed Grunn
 92470 | Crypt:3  | Found a shadowy altar of Dithmenos.
 92554 | Crypt:3  | Found a staircase to the Tomb.
 92897 | Crypt:3  | Identified the ring "Qyatav" {*Slow rC+ Will+ rCorr Int+7}
 92924 | Crypt:3  | Found a shimmering altar of Xom.
 92940 | Crypt:3  | Noticed a dread lich
 92946 | Crypt:3  | Killed a dread lich
 92947 | Crypt:3  | Reached skill level 19 in Invocations
 93024 | Crypt:3  | Got the Book of Zombies
 93141 | Crypt:3  | Reached skill level 5 in Dodging
 93776 | Vaults:5 | Bought a potion of heal wounds for 95 gold pieces
 93776 | Vaults:5 | Bought a potion of brilliance for 76 gold pieces
 93776 | Vaults:5 | Bought 2 potions of curing for 114 gold pieces
 93776 | Vaults:5 | Bought 2 potions of heal wounds for 190 gold pieces
 93776 | Vaults:5 | Bought 2 potions of brilliance for 152 gold pieces
 93780 | Vaults:5 | Bought a potion of invisibility for 192 gold pieces
 93780 | Vaults:5 | Bought a potion of mutation for 192 gold pieces
 93780 | Vaults:5 | Bought a potion of heal wounds for 120 gold pieces
 93780 | Vaults:5 | Bought a potion of magic for 192 gold pieces
 93780 | Vaults:5 | Bought 2 potions of ambrosia for 384 gold pieces
 93780 | Vaults:5 | Bought a potion of curing for 72 gold pieces
 93817 | Vaults:5 | Bought a potion of heal wounds for 70 gold pieces
 93817 | Vaults:5 | Bought a potion of invisibility for 112 gold pieces
 93817 | Vaults:5 | Bought a potion of brilliance for 56 gold pieces
 93817 | Vaults:5 | Bought a potion of curing for 42 gold pieces
 93817 | Vaults:5 | Bought a potion of heal wounds for 70 gold pieces
 93817 | Vaults:5 | Bought 2 potions of ambrosia for 224 gold pieces
 93838 | Vaults:5 | Bought a potion of mutation for 128 gold pieces
 93838 | Vaults:5 | Bought a potion of curing for 48 gold pieces
 93838 | Vaults:5 | Bought a potion of cancellation for 128 gold pieces
 93838 | Vaults:5 | Bought a potion of cancellation for 128 gold pieces
 93838 | Vaults:5 | Bought a potion of haste for 160 gold pieces
 94181 | Orc:2    | Bought a potion of haste for 160 gold pieces
 94181 | Orc:2    | Bought a potion of curing for 48 gold pieces
 94181 | Orc:2    | Bought a potion of heal wounds for 80 gold pieces
 94444 | D:1      | Bought a potion of haste for 130 gold pieces
 94444 | D:1      | Bought a potion of heal wounds for 65 gold pieces
 94444 | D:1      | Bought a potion of haste for 130 gold pieces
 94957 | Tomb:1   | Entered Level 1 of the Tomb of the Ancients
 95150 | Tomb:1   | Noticed a royal mummy
 95370 | Tomb:1   | Killed a royal mummy
 95821 | Tomb:1   | Reached skill level 20 in Invocations
 96852 | Zot:1    | Entered Level 1 of the Realm of Zot
 96852 | Zot:1    | Noticed an orb of fire
 96855 | Zot:1    | Paralysed by a Zot trap for 4 turns
 96856 | Zot:1    | Gained mutation: Your magical capacity is low. (-10% MP)
                  | [an orb of fire]
 96857 | Zot:1    | Killed an orb of fire
 97049 | Depths:4 | Learned a level 2 spell: Sublimation of Blood
 97056 | Depths:4 | Learned a level 6 spell: Dispersal
 97229 | Zot:1    | Noticed an orb of fire
 97237 | Zot:1    | Killed an orb of fire
 97403 | Zot:1    | Reached skill level 21 in Invocations
100049 | Zot:2    | Reached skill level 10 in Dodging
100771 | Zot:2    | Reached skill level 22 in Invocations
100787 | Zot:2    | Found the +4 dragonskin cloak
100787 | Zot:2    | Noticed Tiamat
101398 | Zot:2    | Reached skill level 23 in Invocations
101852 | Zot:2    | Killed Tiamat
103310 | Zot:3    | Noticed an orb of fire
103315 | Zot:3    | Gained mutation: Your body sometimes deteriorates upon
                  | taking damage. [an orb of fire]
103317 | Zot:3    | Killed an orb of fire
103702 | Zot:3    | You fall into a shaft and drop 1 floor!
104097 | Zot:4    | Noticed Parghit
104112 | Zot:4    | Killed Parghit
107124 | Zot:5    | Entered Level 5 of the Realm of Zot
107238 | Zot:5    | Noticed an ancient lich
107243 | Zot:5    | Killed an ancient lich
107248 | Zot:5    | Noticed an orb of fire
107257 | Zot:5    | Gained mutation: Your magical capacity is very low. (-20%
                  | MP) [an orb of fire]
107258 | Zot:5    | Killed an orb of fire
107880 | Zot:5    | Noticed an orb of fire
107882 | Zot:5    | Noticed an orb of fire
107883 | Zot:5    | Noticed an orb of fire
107895 | Zot:4    | Killed an orb of fire
108065 | Zot:5    | Noticed an ancient lich
108065 | Zot:5    | Noticed an orb of fire
108067 | Zot:5    | Gained mutation: Your magical capacity is extremely low.
                  | (-30% MP) [an orb of fire]
108067 | Zot:5    | Noticed an orb of fire
108070 | Zot:5    | Killed an ancient lich
108071 | Zot:5    | Gained mutation: You have hidden genetic defects. [an orb
                  | of fire]
108072 | Zot:5    | Killed an orb of fire
108073 | Zot:5    | Reached skill level 24 in Invocations
108073 | Zot:5    | Killed an orb of fire
108135 | Zot:5    | Gained mutation: Your body often deteriorates upon taking
                  | damage. [an orb of fire]
108137 | Zot:5    | Killed an orb of fire
108233 | Zot:4    | Lost mutation: Your body often deteriorates upon taking
                  | damage. [potion of mutation]
108233 | Zot:4    | Lost mutation: You have hidden genetic defects. [potion of
                  | mutation]
108233 | Zot:4    | Lost mutation: Your body sometimes deteriorates upon taking
                  | damage. [potion of mutation]
108233 | Zot:4    | Gained mutation: You have a pair of small antennae on your
                  | head. [potion of mutation]
108234 | Zot:4    | Lost mutation: You have a pair of small antennae on your
                  | head. [potion of mutation]
108234 | Zot:4    | Lost mutation: Your magical capacity is extremely low.
                  | (-30% MP) [potion of mutation]
108234 | Zot:4    | Gained mutation: You sometimes lose your temper in combat.
                  | [potion of mutation]
108235 | Zot:4    | Lost mutation: You sometimes lose your temper in combat.
                  | [potion of mutation]
108235 | Zot:4    | Lost mutation: Your magical capacity is very low. (-20% MP)
                  | [potion of mutation]
108235 | Zot:4    | Lost mutation: Your magical capacity is low. (-10% MP)
                  | [potion of mutation]
108235 | Zot:4    | Gained mutation: You occasionally shout uncontrollably at
                  | your foes. [potion of mutation]
108235 | Zot:4    | Gained mutation: You can exhale a cloud of poison. [potion
                  | of mutation]
108235 | Zot:4    | Lost mutation: You can exhale a cloud of poison. [potion of
                  | mutation]
108235 | Zot:4    | Gained mutation: You are somewhat resistant to further
                  | mutation. [potion of mutation]
108288 | Zot:5    | Gained mutation: You frequently scream uncontrollably at
                  | your foes. [an orb of fire]
108289 | Zot:5    | Gained mutation: You are vulnerable to heat. (rF-) [an orb
                  | of fire]
108291 | Zot:5    | Killed an orb of fire
108429 | Zot:4    | Lost mutation: You are somewhat resistant to further
                  | mutation. [potion of mutation]
108429 | Zot:4    | Lost mutation: You frequently scream uncontrollably at your
                  | foes. [potion of mutation]
108429 | Zot:4    | Gained mutation: You occasionally lose the ability to read
                  | scrolls when taking damage. [potion of mutation]
108429 | Zot:4    | Gained mutation: You sometimes lose the ability to read
                  | scrolls when taking damage. [potion of mutation]
108430 | Zot:4    | Lost mutation: You occasionally shout uncontrollably at
                  | your foes. [potion of mutation]
108430 | Zot:4    | Lost mutation: You sometimes lose the ability to read
                  | scrolls when taking damage. [potion of mutation]
108430 | Zot:4    | Lost mutation: You occasionally lose the ability to read
                  | scrolls when taking damage. [potion of mutation]
108430 | Zot:4    | Gained mutation: You can exhale a cloud of poison. [potion
                  | of mutation]
108430 | Zot:4    | Gained mutation: Your magical capacity is low. (-10% MP)
                  | [potion of mutation]
108430 | Zot:4    | Gained mutation: You are agile. (Dex +4, Str/Int -1)
                  | [potion of mutation]
108431 | Zot:4    | Lost mutation: You are agile. (Dex +4, Str/Int -1) [potion
                  | of mutation]
108431 | Zot:4    | Lost mutation: You are vulnerable to heat. (rF-) [potion of
                  | mutation]
108431 | Zot:4    | Lost mutation: Your magical capacity is low. (-10% MP)
                  | [potion of mutation]
108431 | Zot:4    | Gained mutation: You occasionally shout uncontrollably at
                  | your foes. [potion of mutation]
108431 | Zot:4    | Gained mutation: You are vulnerable to cold. (rC-) [potion
                  | of mutation]
108432 | Zot:4    | Lost mutation: You are vulnerable to cold. (rC-) [potion of
                  | mutation]
108432 | Zot:4    | Lost mutation: You occasionally shout uncontrollably at
                  | your foes. [potion of mutation]
108432 | Zot:4    | Lost mutation: You can exhale a cloud of poison. [potion of
                  | mutation]
108432 | Zot:4    | Gained mutation: You are frail. (-10% HP) [potion of
                  | mutation]
108432 | Zot:4    | Gained mutation: You sometimes lose your temper in combat.
                  | [potion of mutation]
108432 | Zot:4    | Gained mutation: You expend magic power (3 MP) to
                  | strengthen your wands. [potion of mutation]
108433 | Zot:4    | Lost mutation: You are frail. (-10% HP) [potion of
                  | mutation]
108433 | Zot:4    | Lost mutation: You sometimes lose your temper in combat.
                  | [potion of mutation]
108433 | Zot:4    | Lost mutation: You expend magic power (3 MP) to strengthen
                  | your wands. [potion of mutation]
108433 | Zot:4    | Gained mutation: You are robust. (+10% HP) [potion of
                  | mutation]
108433 | Zot:4    | Gained mutation: You have sharp fingernails. [potion of
                  | mutation]
109462 | Zot:5    | Noticed an ancient lich
109469 | Zot:5    | Killed an ancient lich
110135 | Zot:5    | Got the Orb of Zot
110541 | D:8      | Noticed Yratz the pandemonium lord
110767 | D:$      | Escaped with the Orb!

Illustrated notes

Levels and vault maps discovered:
D:1:      eino_arrival_cavern_a, layout_loops_ring, serial_shops,
          nicolae_shop_trees, hellmonk_ecumenical_altar_prayer_group
D:2:      layout_basic
D:3:      layout_loops_ring
D:4:      layout_rooms, slow_altar_1, minmay_temple_entry_waves,
          nicolae_concentric_dashed_squares_mild
D:5:      kennysheep_kobold_camp, layout_layer_cave, lemuel_crystal_altar,
          minmay_hedge_maze, uniq_ijyb
D:6:      lemuel_ice_spiral_2, layout_rooms, serial_shops,
          nicolae_shop_bloodbath_and_beyond
D:7:      lemuel_bear_cage, layout_basic, serial_shops, nicolae_shop_waterfront
D:8:      layout_basic, david_lair_generic, uniq_maurice
D:9:      layout_rooms, orc_0_dummy, hangedman_corner_corridor, uniq_psyche,
          uniq_maggie, uniq_erica, uniq_pikel
D:10:     layout_basic, enter_trove_6
D:11:     layout_irregular_city, uniq_nergalle
D:12:     layout_loops_cross
D:13:     layout_rooms, hellmonk_ghost_big_iron, nicolae_nh_oracle_at_delphi,
          uniq_josephine
D:14:     layout_irregular_city, david_vaults_5, roderic_roman_lattice,
          kennysheep_generic_room_9
D:15:     gammafunk_enter_depths_forms, layout_irregular_city,
          nicolae_eternal_life
Temple:   mainiacjoe_temple_big_plus
Lair:1:   layout_loops_ring, special_room [special_room_bee], grunt_megastairs_5
Lair:2:   layout_cave_pods, elwin_shoals_entry_rooms
Lair:3:   layout_hall_layers, minmay_snake_entry_guardpost_large,
          beast_lair_carwin_9
Lair:4:   layout_regular_city, nicolae_lair_yak_garden
Lair:5:   minmay_lair_end_frog_pond, layout_long_grid, dpeg_slime_entry_corner,
          bobbens_ice_dragon_lair, infiniplex_staircase_pool_2,
          grunt_megastairs_4, serial_bayou_shore_a
Shoals:1: layout_shoals, serial_shops, shop, nicolae_shop_stone, shop,
          uniq_jorgrun, uniq_frances
Shoals:2: layout_shoals
Shoals:3: layout_shoals, portal_ice_cave_entry_ice_simulacra, serial_shops,
          shop, kb_tengu_band
Shoals:4: shoals_end_simple, layout_shoals, ebering_ghost_rock_garden
Snake:1:  layout_chambers
Snake:2:  layout_rooms, minmay_shop_grove
Snake:3:  layout_honeycomb
Snake:4:  snake_pit_salamanders_mu, layout_rooms, basic_altar, minmay_shop_mass
Slime:1:  layout_caves
Slime:2:  layout_caves, cheibrodos_slime_lost_civilization_4
Slime:3:  nicolae_slime_jelly_donut, layout_caves
Slime:4:  layout_caves
Slime:5
Orc:1:    layout_diamond_mine, serial_shops, nicolae_shop_advertising_works
          [nicolae_subvault_shop_adworks], mines4_lemuel
Orc:2:    kennysheep_orc_mage_school, layout_caves, basic_altar,
          hellmonk_bongcloud_opening, uniq_nessos, uniq_donald
Elf:1:    minmay_elf_arrival_plus, layout_rooms, orc_legates,
          nicolae_shop_unique_rings, minmay_misc_feat_rows, uniq_agnes
Elf:2:    nicolae_elf_blades_splatter_lattice
          [nicolae_blade_entry_crossed_weapons], layout_geoelf_diagonals,
          nicolae_elf_glassroom_feature
Elf:3:    minmay_elf_hall, layout_gridlike, serial_shops, shop
Vaults:1: vaults_room_fancy_cross, hangedman_vaults_slither,
          hangedman_vaults_river_flow, v_pattern_2, nicolae_vaults_asterisk,
          vaults_standard_mumra_enter_the_diamond, ontoclasm_vaults_spin,
          layout_vaults_quadrants, serial_shops, nicolae_shop_waterfront,
          uniq_aizul
Vaults:2: ebering_ghost_inner_flame, nicolae_vaults_circle_grid_a,
          vaults_room_door_hall, ontoclasm_vaults_tryst, vaults_room_boxed,
          ontoclasm_vaults_gateway, grunt_vaults_trifunnel, v_rooms_4,
          nicolae_vaults_branching_niches, hangedman_vaults_stitches,
          nicolae_vaults_little_squares_3, nicolae_vaults_theta, v_rooms_4,
          nicolae_vaults_little_squares_3, layout_vaults_maze, serial_shops,
          shop_scrolls, uniq_nikola
Vaults:3: ontoclasm_vaults_decontamination, ontoclasm_vaults_ligature,
          nicolae_vaults_three_branches, v_rooms_1, v_misc_19, v_misc_3,
          v_misc_14, nicolae_vaults_network_s,
          nicolae_vaults_network_quinsquares
          [nicolae_vaults_network_quincunx_subvault,
          nicolae_vaults_network_quincunx_subvault,
          nicolae_vaults_network_quincunx_subvault,
          nicolae_vaults_network_quincunx_subvault], vaults_room_grid,
          v_rooms_2, minmay_crypt_entry_necro_gods, vaults_room_stairs_pillars,
          v_misc_16, layout_vaults_omnicross, serial_shops, shop
Vaults:4: gammafunk_ghost_spectres, ontoclasm_vaults_eye,
          nicolae_vaults_mini_display_case, v_misc_12,
          ontoclasm_vaults_shuriken, grunt_vaults_swirl, hangedman_vaults_slice,
          nicolae_vaults_diagonal_hallway_9, vaults_room_door_ring,
          grunt_vaults_twisty, vaults_room_pools, ontoclasm_vaults_ring_small,
          vaults_room_pools, nicolae_vaults_specimen_jars, layout_vaults_ring
Vaults:5: serial_shops
Crypt:1:  layout_chaotic_city
Crypt:2:  layout_misc_corridors, lemuel_upstairs_altar
Crypt:3:  church_of_pain_bobbens, layout_chaotic_city,
          nicolae_tomb_entry_unfolded_pyramid_orthogonal, nicolae_danse_macabre,
          uniq_mennas, uniq_grunn
Tomb:1
Depths:1: layout_forbidden_donut, nicolae_wu_jian_wuxing_cycle,
          minmay_room_of_horrors, hell_entry, grunt_pan_entry_spiral,
          kennysheep_nub, minivault_11, kennysheep_crisscross,
          minmay_fractal_squares_gapless_7, uniq_saint_roka
Depths:2: minmay_tri_box, layout_cross, abyss_entry,
          hangedman_tar_grid_catacomb, serial_shops, shop, bh_walls_and_bars,
          rand_demon_pan_entry_8
Depths:3: minmay_connected_boxes_in_corner, layout_honeycomb, enter_ziggurat_c,
          grunt_hell_entry_dis_old, abyss_entry, nicolae_vehumet_altar_sigil,
          infiniplex_staircase_spiral_double
Depths:4: lemuel_castle_with_subvaults [lemuel_castle_interior_carwin_2],
          layout_cave_pools, nicolae_uskayaw_murder_on_the_dancefloor,
          rand_demon_pan_entry_9, hell_entry, chequers_serial_rivers_room_a,
          grunt_ministairs_14, nicolae_burly_brawl, uniq_josephina, uniq_sojobo
Zot:1:    kennysheep_spiral_hall, layout_basic, grunt_megastairs_2
Zot:2:    layout_cathedral_of_symmetry, uniq_tiamat
Zot:3:    layout_cathedral_of_symmetry, lemuel_golem_globe
Zot:4:    layout_gridlike, evilmike_ambush [evilmike_ambush_outer_basic,
          evilmike_ambush_inner_wall_2], uniq_parghit
Zot:5:    layout_cathedral_of_symmetry

Skill      XL: |  1  2  3  4  5  6  7  8  9 10 11 12 13 14 15 16 17 18 19 20 21 22 23 24 25 26 27 |
---------------+----------------------------------------------------------------------------------+-----
Ice Magic      | 1 2 3 4 5 11 14 15 16 17 19 20 21 23 | 23.0
Fighting       | 1 2 3 4 5 7 8 9 10 14 | 14.3
Short Blades   | 3 4 5 9 10 11 12 | 12.0
Stealth        | 5 7 9 10 11 12 | 12.0
Hexes          | 4 5 6 7 8 10 | 10.0
Evocations     | 2 3 4 5 9 |  9.6
Spellcasting   | 3 4 5 7 9 10 11 12 13 14 15 16 17 18 19 | 19.2
Throwing       | 2 3 4 6 |  6.0
Dodging        | 2 3 10 | 10.0
Conjurations   | 1 3 5 6 7 8 10 | 10.0
Poison Magic   | 2 4 7 |  7.0
Air Magic      | 1 3 5 7 |  7.5
Invocations    | 1 3 8 14 18 24 | 24.0
Shields        | 5 8 9 10 13 15 17 | 17.0
Armour         | 3 6 8 10 | 10.0
Earth Magic    | 5 7 9 10 | 10.0
Translocations | 3 5 6 7 |  7.0
Transmutations | 3 5 7 10 | 10.0
Necromancy     | 3 7 |  7.0

Action                     |  1- 3 |  4- 6 |  7- 9 | 10-12 | 13-15 | 16-18 | 19-21 | 22-24 | 25-27 || total
---------------------------+-------+-------+-------+-------+-------+-------+-------+-------+-------++-------
  Melee: Dagger            |    41 |    16 |   213 |   268 |   650 |   125 |    25 |       |     6 ||  1344
         Short sword       |       |    28 |   133 |       |       |       |       |       |       ||   161
         Punch             |       |       |     9 |     1 |    15 |     1 |       |       |       ||    26
         Constrict         |       |       |       |       |    60 |    14 |     7 |     9 |    24 ||   114
         Staff             |       |       |       |       |       |     4 |    66 |    22 |   108 ||   200
  Throw: Dart              |       |     1 |       |       |     1 |     3 |     3 |     1 |     4 ||    13
         Throwing net      |       |       |       |       |       |     1 |    10 |       |       ||    11
   Cast: Ensorcelled Hiber |     9 |    18 |    66 |    88 |    93 |     9 |     2 |       |       ||   285
         Tukima's Dance    |       |       |     2 |       |       |       |       |       |       ||     2
         Confusing Touch   |       |       |     5 |     5 |    34 |    19 |       |       |     2 ||    65
         Mephitic Cloud    |       |       |       |    15 |    16 |       |       |       |       ||    31
         Dazzling Flash    |       |       |       |       |     7 |       |       |       |       ||     7
         Ozocubu's Refrige |       |       |       |       |    44 |   456 |   497 |   453 |   563 ||  2013
         Freezing Cloud    |       |       |       |       |       |     1 |     1 |       |       ||     2
         Iskenderun's Myst |       |       |       |       |       |       |    89 |    11 |    11 ||   111
         Lee's Rapid Decon |       |       |       |       |       |       |    18 |    13 |    13 ||    44
         Dispel Undead     |       |       |       |       |       |       |       |     4 |       ||     4
         Polar Vortex      |       |       |       |       |       |       |       |    31 |   194 ||   225
         Irradiate         |       |       |       |       |       |       |       |       |    84 ||    84
         Sublimation of Bl |       |       |       |       |       |       |       |       |    87 ||    87
         Blink             |       |       |       |       |       |       |       |       |    11 ||    11
         Apportation       |       |       |       |       |       |       |       |       |     5 ||     5
         Passwall          |       |       |       |       |       |       |       |       |     1 ||     1
         Yara's Violent Un |       |       |       |       |       |       |       |       |     1 ||     1
 Invoke: Shadow Step       |       |       |       |       |     5 |     1 |       |       |     1 ||     7
Ability: Spit Poison       |    18 |     8 |    13 |    14 |    13 |       |     2 |     1 |       ||    69
  Evoke: Wand              |       |     1 |     9 |       |    18 |    39 |    40 |     1 |    31 ||   139
         Lightning rod     |       |       |       |     5 |    19 |    22 |    17 |     3 |     6 ||    72
         Condenser vane    |       |       |       |     1 |     5 |     5 |     6 |     5 |     7 ||    29
         Tin of tremorston |       |       |       |     2 |     6 |     6 |     9 |     9 |     7 ||    39
         Box of beasts     |       |       |       |       |     1 |       |     4 |       |     1 ||     6
         Phial of floods   |       |       |       |       |     2 |     4 |     5 |     4 |     6 ||    21
         Phantom mirror    |       |       |       |       |     1 |     1 |     4 |       |     2 ||     8
    Use: Scroll            |     2 |     5 |     9 |    10 |    18 |     7 |    14 |     4 |    20 ||    89
         Potion            |       |     1 |       |     2 |     6 |     3 |     1 |     1 |    22 ||    36
   Stab: Sleeping          |    16 |    20 |    57 |    76 |   110 |     5 |       |       |     2 ||   286
         Confused          |       |       |     4 |    17 |    58 |    15 |       |       |       ||    94
         Invisible         |       |       |       |       |     7 |       |       |       |       ||     7
         Distracted        |       |       |       |       |     2 |     1 |       |       |       ||     3
         Paralysed         |       |       |       |       |     1 |       |       |       |     8 ||     9
         Held in net/web   |       |       |       |       |       |     1 |       |       |       ||     1
 Armour: Robe              |     3 |     6 |    55 |    19 |    40 |    87 |    22 |       |       ||   232
         Steam dragon scal |       |       |       |    74 |   195 |       |       |       |       ||   269
         Troll leather arm |       |       |       |       |       |     6 |   141 |   110 |   425 ||   682
  Dodge: Dodged            |    22 |    34 |   192 |   159 |   314 |    25 |    72 |    39 |   150 ||  1007
  Block: Buckler           |       |       |       |       |       |     6 |       |       |       ||     6
         Kite shield       |       |       |       |       |       |    98 |   235 |   114 |   491 ||   938
         Reflection        |       |       |       |       |       |    16 |    17 |    13 |    15 ||    61

Table legend: (Time is in decaauts)
 A = Elapsed time spent in this place.
 B = Non-inter-level travel time spent in this place.
 C = Inter-level travel time spent in this place.
 D = Time resting spent in this place.
 E = Time spent auto-exploring this place.
 F = Levels seen in this place.
 G = Mean time per level.
                   A        B        C        D        E       F      G
               +--------+--------+--------+--------+--------+-----+--------+
         Total | 135229 | 119549 |  15680 |   6909 |  95280 |  59 | 2292.0 |
       Dungeon |  28193 |  22143 |   6050 |    626 |  17656 |  15 | 1879.5 |
        Temple |    697 |    625 |     72 |      0 |    615 |   1 |  697.0 |
          Lair |  11406 |   9022 |   2384 |    304 |   7085 |   5 | 2281.2 |
        Shoals |  10221 |   9477 |    744 |    356 |   8240 |   4 | 2555.2 |
     Snake Pit |  12233 |  11621 |    612 |    154 |  10516 |   4 | 3058.2 |
    Slime Pits |   7820 |   7581 |    239 |   1087 |   5598 |   5 | 1564.0 |
  Orcish Mines |   5767 |   4965 |    802 |    115 |   4386 |   2 | 2883.5 |
   Elven Halls |  10067 |   9313 |    754 |   1145 |   7041 |   3 | 3355.7 |
        Vaults |  13870 |  12167 |   1703 |    473 |  10069 |   5 | 2774.0 |
         Crypt |   4489 |   3871 |    618 |    110 |   2470 |   3 | 1496.3 |
          Tomb |   1837 |   1723 |    114 |    265 |    928 |   1 | 1837.0 |
        Depths |  10414 |   9592 |    822 |    112 |   8119 |   4 | 2603.5 |
           Zot |  16773 |  16013 |    760 |   1665 |  12123 |   5 | 3354.6 |
         Trove |     49 |     49 |      0 |      0 |      0 |   1 |   49.0 |
      Ice Cave |   1388 |   1388 |      0 |    495 |    429 |   1 | 1388.0 |
               +--------+--------+--------+--------+--------+-----+--------+

Top non-repeatable levels by time:
 Snake:4: 4929 daAuts
   Zot:4: 4295 daAuts
Depths:4: 4269 daAuts
   Zot:2: 3844 daAuts
   Elf:3: 3840 daAuts
    D:15: 3808 daAuts
   Zot:1: 3710 daAuts
   Elf:2: 3644 daAuts
   Orc:2: 3504 daAuts
  Lair:5: 3438 daAuts
Vaults:4: 3058 daAuts
    D:14: 3044 daAuts
   Zot:5: 3003 daAuts
Shoals:4: 2853 daAuts
Vaults:3: 2849 daAuts
